 Dungeon Sprint DCSS version 0.30.1-11-g7821555f0a (webtiles) character file.

Game seed: 2631635029375184717

310 Heoruswealwe the Spear-Bearer (level 6, -1/62 HPs)
             Began as a Minotaur Fighter on Nov 9, 2023.
             Was an Initiate of Gozag.
             Slain by a troll (11 damage)
             ... in the Dungeon (Sprint IX: "|||||||||||||||||||||||||||||").
             The game lasted 00:01:19 (109 turns).

Heoruswealwe the Spear-Bearer (Minotaur Fighter)     Turns: 109, Time: 00:01:19

Health: -1/62      AC:  8    Str: 22    XL:     6   Next: 18%
Magic:  5/5        EV: 10    Int:  5    God:    Gozag
Gold:   0          SH:  0    Dex: 10    Spells: 5/5 levels left

rFire   . . .        b - +2 halberd (venom)
rCold   . . .        (shield currently unavailable)
rNeg    . . .        c - +0 scale mail
rPois   .            (helmet restricted)
rElec   .            (no cloak)
rCorr   .            (no gloves)
SInv    .            (no boots)
Will    .....        (no amulet) Stlth
                     (no ring)
HPRegen 0.30/turn    (no ring)
MPRegen 0.09/turn

%: no teleportation
@: gold aura
A: horns 2, retaliatory headbutt
a: Renounce Religion, Potion Petition, Call Merchant, Bribe Branch


You were in the Dungeon.
You worshipped Gozag.
Gozag was noncommittal.
You visited 1 branch

Inventory:

Hand Weapons
 a - a +0 trident
 b - a +2 halberd of venom (weapon)
Armour
 c - a +0 scale mail (worn)
 d - a +0 buckler
Jewellery
 l - a +2 ring of protection
 m - a +3 ring of strength
Wands
 h - a wand of roots (10)
Scrolls
 j - 2 scrolls of blinking
Potions
 e - 5 potions of curing
 f - 2 potions of heal wounds
 g - a potion of haste
 i - a potion of berserk rage
 k - a potion of might


   Skills:
 + Level 8.6 Fighting
 * Level 11.2 Polearms
 + Level 8.6 Armour
 - Level 3.6 Shields


You had 5 spell levels left.
You didn't know any spells.
Your spell library was empty.

Dungeon Overview and Level Annotations

Branches:
Dungeon (1/1)

Altars:
Cheibriados
Dithmenos
Elyvilon
Fedhas
Gozag
Hepliaklqana
Kikubaaqudgha
Makhleb
Nemelex Xobeh
Okawaru
Qazlal
Ru
Sif Muna
Trog
Uskayaw
Vehumet
Wu Jian
Xom
Yredelemnul
Zin
The Shining One
Jiyva
Lugonu


Innate Abilities, Weirdness & Mutations

You have a pair of horns on your head.
You reflexively headbutt those who attack you in melee.


Message History

l - a +2 ring of protection
m - a +3 ring of strength You open the door.
A steam dragon, a troll, a centaur, an orc warrior, a two-headed ogre and a kobold brigand come into view.
The kobold brigand is wielding a +0 dagger and quivering poisoned darts.
The steam dragon hisses angrily.
The troll shouts!
The centaur shouts!
The orc warrior shouts!
The two-headed ogre shouts in stereo!
You closely miss the steam dragon. Your headbutt misses the steam dragon.
The steam dragon breathes steam at you. The ball of steam hits you!!
Ouch! That really hurt!
You hit the steam dragon.
The steam dragon is poisoned.
You headbutt the steam dragon.
The steam dragon is moderately wounded.
You are engulfed in a cloud of scalding steam.
The steam dragon breathes steam at you. The ball of steam misses you.
You barely miss the steam dragon.
The steam dragon is moderately wounded.
The steam dragon barely misses you. The steam dragon claws you.
* * * LOW HITPOINT WARNING * * *
You hit the steam dragon.
The steam dragon looks as sick as possible!
You headbutt the steam dragon!
The steam dragon is severely wounded.
The steam dragon bites you!
* * * LOW HITPOINT WARNING * * *
The steam dragon claws you but does no damage.
You hit the steam dragon.
The steam dragon is almost dead.
You kill the steam dragon!
Your Fighting skill increases to level 8!
Your Polearms skill gained 2 levels and is now at level 11!
Your Armour skill increases to level 8!
You have reached level 6!
You impale the troll!! You headbutt the troll!
The troll is severely wounded.
The troll closely misses you. The troll claws you!
You die...
Your body crumbles into a pile of gold.

$
▓!▓
$
▓?▓
$
▓)▓
$
▓.▓
▓[▓
$
▓[▓
▓[▓
$
▓.▓
▓@▓
$ $
▓T▓
▓O▓
$
▓c▓
$
▓.▓
$ $
▓o▓
$
▓K▓
$
▓.▓


You could see a two-headed ogre, a troll, an orc warrior, a kobold brigand and a
centaur.

Vanquished Creatures
  A steam dragon (D)
  A black bear (D)
  A hound (D)
  2 iguanas (D)
  A dart slug (D)
  An endoplasm (D)
  A giant cockroach (D)
  A goblin (D)
  A jackal (D)
  A quokka (D)
11 creatures vanquished.

Notes
Turn   | Place    | Note
-------+----------+-------------------------------------------
     0 | D        | Heoruswealwe the Minotaur Fighter began the quest for the
                  | Orb.
     0 | D        | Reached XP level 1. HP: 19/19 MP: 0/0
    10 | D        | Reached skill level 3 in Polearms
    19 | D        | Reached skill level 4 in Polearms
    28 | D        | Noticed an iguana
    28 | D        | Noticed a black bear
    28 | D        | Noticed an iguana
    28 | D        | Noticed a hound
    30 | D        | Killed an iguana
    31 | D        | Reached skill level 5 in Fighting
    31 | D        | Reached skill level 5 in Polearms
    31 | D        | Reached skill level 5 in Armour
    31 | D        | Reached XP level 2. HP: 15/29 MP: 1/1
    31 | D        | Reached XP level 3. HP: 19/36 MP: 2/2
    36 | D        | Killed a black bear
    37 | D        | Reached skill level 8 in Polearms
    37 | D        | Reached XP level 4. HP: 36/45 MP: 3/3
    41 | D        | Reached skill level 9 in Polearms
    41 | D        | Reached XP level 5. HP: 41/52 MP: 4/4
    53 | D        | Found a snail-covered altar of Cheibriados.
    53 | D        | Found a shadowy altar of Dithmenos.
    53 | D        | Found a white marble altar of Elyvilon.
    53 | D        | Found a blossoming altar of Fedhas.
    53 | D        | Found an opulent altar of Gozag.
    54 | D        | Found a hazy altar of Hepliaklqana.
    55 | D        | Found a viscous altar of Jiyva.
    56 | D        | Found an ancient bone altar of Kikubaaqudgha.
    57 | D        | Found a corrupted altar of Lugonu.
    58 | D        | Found a burning altar of Makhleb.
    59 | D        | Found a sparkling altar of Nemelex Xobeh.
    60 | D        | Found an iron altar of Okawaru.
    61 | D        | Became a worshipper of Gozag Ym Sagoz the Greedy
    62 | D        | Found a stormy altar of Qazlal.
    63 | D        | Found a sacrificial altar of Ru.
    64 | D        | Found a shimmering blue altar of Sif Muna.
    65 | D        | Found a bloodstained altar of Trog.
    66 | D        | Found a hide-covered altar of Uskayaw.
    67 | D        | Found a radiant altar of Vehumet.
    68 | D        | Found an ornate altar of the Wu Jian Council.
    69 | D        | Found a shimmering altar of Xom.
    70 | D        | Found a basalt altar of Yredelemnul.
    71 | D        | Found a glowing silver altar of Zin.
    72 | D        | Found a glowing golden altar of the Shining One.
   103 | D        | Noticed a steam dragon
   103 | D        | Noticed a troll
   103 | D        | Noticed a centaur
   103 | D        | Noticed an orc warrior
   103 | D        | Noticed a two-headed ogre
   108 | D        | Killed a steam dragon
   109 | D        | Reached skill level 11 in Polearms
   109 | D        | Reached XP level 6. HP: 10/62 MP: 5/5
   109 | D        | Slain by a troll

Illustrated notes

Levels and vault maps discovered:
D:        linesprint [early_d, line_temple, items_1, d_10, items_2, lair_1,
          lair_end, items_3, orc_1, orc_end, items_4, d_15, swamp_1, shoals_1,
          snake_1, spider_1, d_20, vaults_1, items_5, swamp_end, shoals_end,
          snake_end, spider_end, vaults_end, d_27, items_6, zot_1, zot_end,
          crypt_end, forest_end, elf_end, slime_end, tomb_end, abyss_end,
          pan_hell_end]

Skill      XL: |  1  2  3  4  5 |
---------------+----------------+-----
Polearms       | 5 8 9 11 | 11.2
Fighting       | 5 6 7 8 |  8.6
Armour         | 5 6 7 8 |  8.6
Shields        | |  3.6

Action                     |  1- 3 |  4- 6 || total
---------------------------+-------+-------++-------
  Melee: Trident           |    21 |    10 ||    31
         Headbutt          |     5 |     4 ||     9
         Halberd           |       |     6 ||     6
    Use: Potion            |     1 |       ||     1
 Armour: Scale mail        |    11 |     3 ||    14
  Dodge: Dodged            |    10 |     7 ||    17
  Block: Buckler           |     1 |     1 ||     2
